 Dungeon Crawl Stone Soup version 0.17.1-3-g152610e (webtiles) character file.

518 SwimG the Covered (level 7, -19/60 HPs)
             Began as a Minotaur Berserker on Feb 21, 2016.
             Was a Priest of Trog.
             Demolished by an ogre
             ... wielding a +0 giant spiked club
              (21 damage)
             ... on level 5 of the Dungeon.
             The game lasted 00:38:29 (4069 turns).

SwimG the Covered (Minotaur Berserker)              Turns: 4069, Time: 00:38:29

Health: -19/60     AC: 11    Str: 28    XL:     7   Next: 1%
Magic:  6/6        EV: 12    Int:  9    God:    Trog [***...]
Gold:   191        SH:  0    Dex: 10    Spells: 0 memorised, 6 levels left

rFire  x . .     SeeInvis .     a - +0 mace
rCold  + . .     Clarity  .     j - +0 scale mail
rNeg   . . .     SustAt   +     (no shield)
rPois  .         Gourm    .     (helmet restricted)
rElec  .         Spirit   .     m - +0 cloak
rCorr  .         Warding  .     (no gloves)
rMut   .         Stasis   .     c - +1 pair of boots
MR     .....                    (no amulet)
Stlth  ..........               Q - ring of ice
                                C - ring of sustain attributes

@: mighty, brilliant, not resistant to hostile enchantments, extremely
unstealthy
A: retaliatory headbutt, horns 2
a: Berserk, Trog's Hand, Burn Spellbooks, Renounce Religion


You were on level 5 of the Dungeon.
You worshipped Trog.
Trog was most pleased with you.
You were not hungry.

You visited 1 branch of the dungeon, and saw 5 of its levels.

You collected 191 gold pieces.

Inventory:

Hand Weapons
 a - a +0 mace (weapon)
 h - a cursed -1 spear
 p - a +0 dagger
 r - a +0 dagger
 y - a +0 short sword
 K - a cursed -1 dagger
 N - a +0 hand axe
 O - a +3 quarterstaff of chaos
 P - a +0 mace
 R - a +0 flail
 S - a +0 giant club
 W - a cursed -3 war axe
Missiles
 n - 22 arrows
Armour
 b - a +0 animal skin
 c - a +1 pair of boots (worn)
 d - a +0 robe
 i - a +0 leather armour
 j - a +0 scale mail (worn)
 m - a +0 cloak (worn)
 q - a +0 leather armour
 s - a +1 pair of boots
 x - a +0 scale mail
 D - a +0 leather armour
 E - a +0 helmet
 H - a +0 leather armour
 I - a +0 ring mail
 L - a +0 ring mail
 T - a +0 ring mail
 U - a +0 scale mail
 V - a +0 scale mail
Jewellery
 C - a ring of sustain attributes (left hand)
 Q - a ring of ice (right hand)
Wands
 F - a wand of flame (11)
Scrolls
 f - 3 scrolls of identify
 g - a scroll of enchant armour {unknown}
 l - a scroll of immolation {unknown}
 u - 2 scrolls of remove curse
 v - 2 scrolls of recharging {unknown}
 w - a scroll of blinking {unknown}
Potions
 e - 2 potions of lignification {unknown}
 B - a potion of brilliance
 M - 2 potions of beneficial mutation
Comestibles
 o - 2 meat rations
 z - a royal jelly
 G - 2 bread rations


   Skills:
 + Level 4.8 Fighting
 + Level 5.6 Maces & Flails
 + Level 6.1 Armour
 + Level 4.2 Dodging


You had 6 spell levels left.
You didn't know any spells.

Dungeon Overview and Level Annotations

Branches:
Dungeon (5/15)
 Temple: D:4-7

Altars:
Cheibriados
Kikubaaqudgha
Vehumet
The Shining One

Annotations:
D:3 Sigmund


Innate Abilities, Weirdness & Mutations

You reflexively headbutt those who attack you in melee.
You have a pair of horns on your head.


Message History

The ogre closely misses you.
You hit the ogre. You headbutt the ogre.
The ogre is moderately wounded.
You hit the ogre. You headbutt the ogre!
The ogre is heavily wounded.
The ogre barely misses you.
You sock the ogre!
The ogre is almost dead.
The ogre hits you with a giant spiked club!
You closely miss the ogre.
You headbutt the ogre, but do no damage.
The ogre is almost dead.
The ogre hits you with a giant spiked club!!
* * * LOW HITPOINT WARNING * * *
It was a potion of brilliance.
You feel clever all of a sudden.
It was a potion of might.
You feel very mighty all of a sudden.
The ogre hits you with a giant spiked club!!
You die...

#.....#.......###
##.....#.........#
#.......#+# #.#####
#.......#.####'#....
#...................
#####...##...>......
#...####.......(..
##O##########'#+###
##.@........##.#....
#.........(..#.#....
#..............##...
#?.................#
#.............####..
#.............# #..
#.............# #..
#.............# #..
#.............# #.#


You could see an ogre.

Vanquished Creatures
  2 ogres
  A giant frog (D:5)
  A scorpion (D:4)
  A hound (D:5)
  Crazy Yiuf (D:3)
  A centaur skeleton (D:4)
  2 worker ants (D:5)
  3 adders
  A worm (D:3)
  2 giant geckos
  3 orcs (D:3)
  5 goblins
  8 hobgoblins
  16 jackals
  A ball python (D:2)
  13 bats
  A giant gecko skeleton (D:4)
  A giant gecko zombie (D:5)
  8 giant newts
  9 kobolds
  A quokka skeleton (D:5)
  12 rats
  2 fungi (D:3)
  A plant (D:4)
96 creatures vanquished.

Notes
Turn   | Place    | Note
--------------------------------------------------------------
     0 | D:1      | SwimG the Minotaur Berserker began the quest for the Orb.
     0 | D:1      | Reached XP level 1. HP: 19/19 MP: 0/0
   336 | D:1      | Reached XP level 2. HP: 27/27 MP: 1/1
   683 | D:1      | Reached skill level 4 in Fighting
   958 | D:1      | Reached ** piety under Trog
  1143 | D:2      | Reached XP level 3. HP: 29/34 MP: 2/2
  1710 | D:2      | Found a glowing golden altar of the Shining One.
  2170 | D:3      | Noticed Sigmund
  2235 | D:3      | Reached *** piety under Trog
  2247 | D:3      | Found a faded altar to an unknown god.
  2263 | D:3      | Reached XP level 4. HP: 37/41 MP: 3/3
  2272 | D:3      | Found a radiant altar of Vehumet.
  2792 | D:3      | Noticed Crazy Yiuf
  2798 | D:3      | Killed Crazy Yiuf
  2894 | D:4      | Reached XP level 5. HP: 33/47 MP: 4/4
  2938 | D:4      | Reached skill level 5 in Maces & Flails
  3109 | D:4      | Noticed an ogre
  3113 | D:4      | Killed an ogre
  3113 | D:4      | Reached skill level 5 in Armour
  3113 | D:4      | Reached XP level 6. HP: 55/55 MP: 5/5
  3256 | D:4      | Found an ancient bone altar of Kikubaaqudgha.
  3498 | D:4      | Found a snail-covered altar of Cheibriados.
  3920 | D:5      | Entered Level 5 of the Dungeon
  4007 | D:5      | Reached skill level 6 in Armour
  4014 | D:5      | Reached XP level 7. HP: 18/60 MP: 6/6
  4067 | D:5      | HP: 1/60 [ogre/giant spiked club (20)]
  4069 | D:5      | Demolished by an ogre

Action                   |  1- 3 |  4- 6 |  7- 9 || total
-------------------------+-------+-------+-------++-------
Melee: Mace              |   112 |   118 |     4 ||   234
  Use: Potion            |       |     4 |     2 ||     6
       Scroll            |       |       |     2 ||     2
  Eat: Bread ration      |     1 |       |       ||     1
       Beef jerky        |       |     1 |       ||     1
       Meat ration       |       |     1 |       ||     1
